 Dungeon Crawl Stone Soup version 0.20-a0-507-gc86f373 (webtiles) character file.

63 Kareekexe the Magician (level 3, 0/27 HPs)
             Began as a Mummy Fire Elementalist on Jan 21, 2017.
             Slain by Natasha (4 damage)
             ... on level 1 of the Dungeon.
             The game lasted 00:03:13 (1531 turns).

Kareekexe the Magician (Mummy Fire Elementalist)    Turns: 1531, Time: 00:03:14

Health: 0/27       AC:  2    Str: 11    XL:     3   Next: 89%
Magic:  1/7        EV: 12    Int: 15    God:
Gold:   34         SH:  0    Dex: 12    Spells: 7/8 levels left

rFire    x . .     SeeInvis .   (no weapon)
rCold    + . .     Gourm    .   a - +0 robe
rNeg     + + +     Faith    .   (no shield)
rPois    ∞         Spirit   .   (no helmet)
rElec    .         Reflect  .   (no cloak)
rCorr    .         Harm     .   (no gloves)
MR       .....                  (no boots)
Stlth    ++........             (no amulet)
Regen    0.1/turn               (no ring)
                                (no ring)

@: no status effects
A: no food or potions, fire vulnerability, cold resistance 1, negative energy
resistance 3, torment resistance, unbreathing
a: no special abilities


You were on level 1 of the Dungeon.
You were not hungry.

You visited 1 branch of the dungeon, and saw 2 of its levels.

You collected 34 gold pieces.

Inventory:

Armour
 a - a +0 robe (worn)
Jewellery
 d - an uncursed ring of wizardry {unknown}
Wands
 g - a wand of random effects (18/48)
Scrolls
 c - 2 scrolls of identify {unknown}
 e - a scroll of remove curse {unknown}
 f - a scroll of fear {unknown}
 h - a scroll of amnesia {unknown}
 i - 2 scrolls of enchant weapon {unknown}
Books
 b - a book of Flames

   Spells                             Type                      Level
   a - Flame Tongue                   Conjuration/Fire             1
   b - Throw Flame                    Conjuration/Fire             2
   c - Conjure Flame                  Conjuration/Fire             3
   d - Inner Flame                    Hexes/Fire                   3
   e - Sticky Flame                   Conjuration/Fire             4
   f - Fireball                       Conjuration/Fire             5


   Skills:
 + Level 1.7 Fighting
 + Level 1.9 Dodging
 - Level 1.5 Stealth
 + Level 3.4 Spellcasting
 + Level 1.5 Conjurations
 + Level 2.6 Fire Magic


You had 7 spell levels left.
You knew the following spells:

 Your Spells              Type           Power        Failure   Level  Hunger
a - Flame Tongue          Conj/Fire      #....        12%         1    N/A

Dungeon Overview and Level Annotations

Branches:
Dungeon (2/15)

Altars:
Xom

Annotations:
D:1 Natasha


Innate Abilities, Weirdness & Mutations

You do not eat or drink.
Your flesh is vulnerable to fire.
You are immune to poison.
Your flesh is cold resistant. (rC+)
You are immune to negative energy. (rN+++)
You are immune to unholy pain and torment.
You can survive without breathing.


Message History

Confirm with . or Enter, or press ? or * to list all spells.
Aiming: Flame Tongue
Press: ? - help, Shift-Dir - straight line, f - Natasha
Aim: Natasha The flame tongue hits Natasha.
Natasha appears unharmed.
Casting: Flame Tongue
Confirm with . or Enter, or press ? or * to list all spells.
Aiming: Flame Tongue
Press: ? - help, Shift-Dir - straight line, f/p - Natasha
Aim: Natasha The flame tongue misses Natasha.
Natasha claws you. Natasha claws you!
You climb upwards.
There is a stone staircase leading down here.
Natasha stares at you and mumbles some strange words.
The magic dart hits you!
* * * LOW HITPOINT WARNING * * *
A goblin comes into view.
Natasha claws you.
You die...

#.##
#.#####.##...##.....
#.#### #.#
#.###.###..... .....#
#.# #.###.###.8.8.
####.# #.#
#.......#..... #[#
#.#############.....
#.## ###.##...#
#..8.8. #..#
#....#.### ### ##.....
####..######g#....#
#.# #8.....
......#.........@.#
#.###...<..
....#.#.####.####h#
#.#.####### ###.#.#.#
#.# #.#####.#.# #.#
#.#.#.# #.#
#....>..#.#####.#
##.#.#.#
#.#######....)....##..
##)...#.# #....#
######.##.####
#.###.#.# ####.#
#.##.# ..# #.#.# #.#
##.##.#### #.###.#.#
#.########.........


You could see Natasha and a goblin (wandering).

Vanquished Creatures
  2 adders (D:2)
  3 dart slugs
  A leopard gecko (D:2)
  2 giant cockroaches (D:1)
  8 goblins
  3 hobgoblins (D:1)
  A quokka (D:2)
  3 bats
  4 frilled lizards
  4 kobolds
  6 rats
37 creatures vanquished.

Notes
Turn   | Place    | Note
-------+----------+-------------------------------------------
     0 | D:1      | Kareekexe the Mummy Fire Elementalist began the quest for the Orb.
     0 | D:1      | Reached XP level 1. HP: 13/13 MP: 4/4
   145 | D:1      | Reached skill level 3 in Spellcasting
   200 | D:1      | Reached XP level 2. HP: 18/20 MP: 4/6
   289 | D:1      | Reached skill level 1 in Fighting
   404 | D:1      | Reached skill level 1 in Conjurations
   803 | D:1      | Reached XP level 3. HP: 26/26 MP: 4/7
  1111 | D:2      | Found a shimmering altar of Xom.
  1471 | D:2      | Noticed Natasha
  1531 | D:1      | Slain by Natasha

Vault maps used:
D:1:      elethiomel_arrival_quiet
D:2:      xom_butterflies, uniq_natasha

Skill      XL: |  1  2 |
---------------+-------+-----
Spellcasting   | 3 |  3.4
Fighting       | 1 |  1.7
Conjurations   | 1 |  1.5
Dodging        | |  1.9
Stealth        | |  1.5
Fire Magic     | |  2.6

Action                   || total
-------------------------++-------
Melee: Unarmed           ||    45
 Cast: Flame Tongue      ||    73
Armor: Robe              ||    14
Dodge: Dodged            ||    52
